TOP OF THE 1ST |
Vista Panthers batting - Pitching for Seattle Pikes : LHP Mike Graves
|
Pitching: LHP Mike Graves
|
|
Batting: RHB Guo-xiu Choi
|
0-0: Called Strike 0-1: Ball 1-1: Ball 2-1: Ball 3-1: Called Strike 3-2: Base on Balls
|
Batting: RHB Alfredo Rivera
|
0-0: Foul Ball, location: 2F 0-1: SINGLE (Line Drive, 4M) Guo-xiu Choi to second
|
Batting: RHB Stephen Wilson
|
0-0: Ball 1-0: Foul Ball, location: 2F 1-1: Foul Ball, location: 2F 1-2: Foul Ball, location: 2F 1-2: Foul Ball, location: 2F 1-2: Ball Balk! Guo-xiu Choi to third Alfredo Rivera to second 2-2: Foul Ball, location: 2F 2-2: SINGLE (Line Drive, 4M) Guo-xiu Choi scores Alfredo Rivera to third Runner from 3rd tries for Home, SAFE, no throw
|
Batting: RHB Phil Matthews
|
0-0: Foul Ball, location: 2F 0-1: Foul Ball, location: 2F 0-2: Foul Ball, location: 2F 0-2: Ball 1-2: Ball 2-2: Foul Ball, location: 2F 2-2: Ball 3-2: Fly out, F6 (Popup, 56)
|
Batting: LHB Bob Cunningham
|
0-0: Ball 1-0: Foul Ball, location: 2F 1-1: Ball 2-1: Foul Ball, location: 2F 2-2: Ball 3-2: Grounds into double play, 4-6-3 (Groundball, 4)
|
Top of the 1st over - 2 run(s), 2 hit(s), 0 error(s), 0 left on base; Vista 2 - Seattle 0 |
BOTTOM OF THE 1ST |
Seattle Pikes batting - Pitching for Vista Panthers : RHP Riley Johnston
|
Pitching: RHP Riley Johnston
|
|
Batting: LHB Roberto Lozano
|
0-0: Called Strike 0-1: Ball 1-1: Fly out, F7 (Flyball, 7)
|
Batting: RHB Randy Sheppard
|
0-0: Ball 1-0: Ball 2-0: Called Strike 2-1: Foul Ball, location: 2F 2-2: Ground out 6-3 (Groundball, 6)
|
Batting: RHB Wallace Greene
|
0-0: Foul Ball, location: 2F 0-1: Ball 1-1: Ground out 6-3 (Groundball, 6)
|
Bottom of the 1st over - 0 run(s), 0 hit(s), 0 error(s), 0 left on base; Vista 2 - Seattle 0 |
TOP OF THE 2ND |
Vista Panthers batting - Pitching for Seattle Pikes : LHP Mike Graves
|
Batting: RHB Cisco Gatán
|
0-0: Ball 1-0: Called Strike 1-1: Called Strike 1-2: Strikes out looking
|
Batting: LHB Juan Cortés
|
0-0: Foul Ball, location: 2F 0-1: Ball 1-1: Called Strike 1-2: Ball 2-2: Foul Ball, location: 2F 2-2: Ball 3-2: Base on Balls
|
Batting: RHB Salvador Salas
|
0-0: Ball 1-0: Foul Ball, location: 2F 1-1: Grounds into double play, 6-4-3 (Groundball, 6)
|
Top of the 2nd over - 0 run(s), 0 hit(s), 0 error(s), 0 left on base; Vista 2 - Seattle 0 |
BOTTOM OF THE 2ND |
Seattle Pikes batting - Pitching for Vista Panthers : RHP Riley Johnston
|
Batting: RHB Pete Rideout
|
0-0: Swinging Strike 0-1: Ball 1-1: Ball 2-1: Fly out, F7 (Line Drive, 7LM)
|
Batting: RHB Iván Gonzáles
|
0-0: Ball 1-0: Ball 2-0: SOLO HOME RUN (Flyball, 7LD), Distance : 379 ft
|
Batting: SHB Nate Rhodes
|
0-0: Called Strike 0-1: Foul Ball, location: 2F 0-2: Foul Ball, location: 2F 0-2: Fly out, F3 (Line Drive, 3)
|
Batting: RHB Arnold Harmon
|
0-0: Ball 1-0: Swinging Strike 1-1: Swinging Strike 1-2: SINGLE (Line Drive, 56D)
|
Batting: LHB Eduardo Gómez
|
0-0: Ball 1-0: Called Strike 1-1: Ball 2-1: Swinging Strike 2-2: Ground out 1-3 (Groundball, 13S)
|
Bottom of the 2nd over - 1 run(s), 2 hit(s), 0 error(s), 1 left on base; Vista 2 - Seattle 1 |
TOP OF THE 3RD |
Vista Panthers batting - Pitching for Seattle Pikes : LHP Mike Graves
|
Batting: RHB Justin Burgess
|
0-0: Ball 1-0: SINGLE (Groundball, 6D)
|
Batting: RHB Guo-xiu Choi
|
0-0: Swinging Strike 0-1: Ball 1-1: Swinging Strike 1-2: SINGLE (Groundball, 3) (infield hit) Justin Burgess to second
|
Batting: RHB Alfredo Rivera
|
0-0: Ball 1-0: Foul Ball, location: 2F 1-1: Grounds into double play, 6-4-3 (Groundball, 6) Justin Burgess to third
|
Batting: RHB Stephen Wilson
|
0-0: Ball 1-0: Called Strike 1-1: Ball 2-1: Called Strike 2-2: Strikes out swinging
|
Top of the 3rd over - 0 run(s), 2 hit(s), 0 error(s), 1 left on base; Vista 2 - Seattle 1 |
BOTTOM OF THE 3RD |
Seattle Pikes batting - Pitching for Vista Panthers : RHP Riley Johnston
|
Batting: RHB Bill Mark
|
0-0: Ball 1-0: Ground out 4-3 (Groundball, 4)
|
Batting: LHB Roberto Lozano
|
0-0: Ball 1-0: Ball 2-0: Ball 3-0: Called Strike 3-1: DOUBLE (Line Drive, 78D)
|
Batting: RHB Randy Sheppard
|
Pickoff Throw to Second - Error! E1 Roberto Lozano to third 0-0: Called Strike 0-1: Foul Ball, location: 2F 0-2: Fly out, F7 (Flyball, 7S)
|
Batting: RHB Wallace Greene
|
0-0: Ball 1-0: Foul Ball, location: 2F 1-1: Called Strike 1-2: SINGLE (Groundball, 34D) Roberto Lozano scores
|
Batting: RHB Pete Rideout
|
0-0: Called Strike 0-1: Ball 1-1: Ball 2-1: Fly out, F4 (Flyball, 34D)
|
Bottom of the 3rd over - 1 run(s), 2 hit(s), 1 error(s), 1 left on base; Vista 2 - Seattle 2 |
TOP OF THE 4TH |
Vista Panthers batting - Pitching for Seattle Pikes : LHP Mike Graves
|
Batting: RHB Phil Matthews
|
0-0: Ball 1-0: Called Strike 1-1: Ground out 5-3 (Groundball, 56S)
|
Batting: LHB Bob Cunningham
|
0-0: Ball 1-0: Ball 2-0: Ball 3-0: Called Strike 3-1: Ground out 4-3 (Groundball, 34)
|
Batting: RHB Cisco Gatán
|
0-0: Swinging Strike 0-1: Swinging Strike 0-2: Ball 1-2: Foul Ball, location: 2F 1-2: Strikes out swinging
|
Top of the 4th over - 0 run(s), 0 hit(s), 0 error(s), 0 left on base; Vista 2 - Seattle 2 |
BOTTOM OF THE 4TH |
Seattle Pikes batting - Pitching for Vista Panthers : RHP Riley Johnston
|
Batting: RHB Iván Gonzáles
|
0-0: Foul Ball, location: 2F 0-1: Swinging Strike 0-2: Strikes out swinging
|
Batting: SHB Nate Rhodes
|
0-0: Ball 1-0: Called Strike 1-1: Called Strike 1-2: Fly out, F4 (Line Drive, 4)
|
Batting: RHB Arnold Harmon
|
0-0: Fly out, F8 (Flyball, 8RS)
|
Bottom of the 4th over - 0 run(s), 0 hit(s), 0 error(s), 0 left on base; Vista 2 - Seattle 2 |
TOP OF THE 5TH |
Vista Panthers batting - Pitching for Seattle Pikes : LHP Mike Graves
|
Batting: LHB Juan Cortés
|
0-0: Ball 1-0: Called Strike 1-1: Called Strike 1-2: Foul Ball, location: 2F 1-2: Ground out 4-3 (Groundball, 34)
|
Batting: RHB Salvador Salas
|
0-0: Foul Ball, location: 2F 0-1: Ground out 4-3 (Groundball, 4)
|
Batting: RHB Justin Burgess
|
0-0: Called Strike 0-1: Ground out 5-3 (Groundball, 56)
|
Top of the 5th over - 0 run(s), 0 hit(s), 0 error(s), 0 left on base; Vista 2 - Seattle 2 |
BOTTOM OF THE 5TH |
Seattle Pikes batting - Pitching for Vista Panthers : RHP Riley Johnston
|
Batting: LHB Eduardo Gómez
|
0-0: Ball 1-0: Called Strike 1-1: Fly out, F9 (Flyball, 9)
|
Batting: RHB Bill Mark
|
0-0: Foul Ball, location: 2F 0-1: SINGLE (Groundball, 6MD)
|
Batting: LHB Roberto Lozano
|
0-0: Ball 1-0: Swinging Strike 1-1: Called Strike 1-2: Fielders Choice at 2nd, 1-6 (Groundball, P)
|
Batting: RHB Randy Sheppard
|
0-0: Ball Roberto Lozano is caught stealing 2nd base
|
Bottom of the 5th over - 0 run(s), 1 hit(s), 0 error(s), 0 left on base; Vista 2 - Seattle 2 |
TOP OF THE 6TH |
Vista Panthers batting - Pitching for Seattle Pikes : LHP Mike Graves
|
Batting: RHB Guo-xiu Choi
|
0-0: Ball 1-0: Foul Ball, location: 2F 1-1: Ball 2-1: SINGLE (Groundball, 56)
|
Batting: RHB Alfredo Rivera
|
0-0: Ball Guo-xiu Choi steals 2nd base 1-0: Ball 2-0: 2-RUN HOME RUN (Flyball, 7D), Distance : 368 ft
|
Batting: RHB Stephen Wilson
|
0-0: Fly out, F9 (Flyball, 89D)
|
Batting: RHB Phil Matthews
|
0-0: Ball 1-0: SINGLE (Flyball, 8LS)
|
Batting: LHB Bob Cunningham
|
0-0: Ball 1-0: Swinging Strike 1-1: Ball 2-1: Called Strike 2-2: Foul Ball, location: 2F 2-2: Ball 3-2: Foul Ball, location: 2F 3-2: DOUBLE (Line Drive, 8RD) Phil Matthews to third
|
Pitching: RHP Francisco Carrasco
|
|
Batting: RHB Cisco Gatán
|
0-0: Hit by Pitch
|
Batting: LHB Juan Cortés
|
0-0: Swinging Strike 0-1: Called Strike 0-2: Strikes out looking
|
Batting: RHB Salvador Salas
|
0-0: SINGLE (Groundball, 56D) Phil Matthews scores Bob Cunningham to third Cisco Gatán to second Runner from 3rd tries for Home, SAFE, throw made home
|
Batting: RHB Justin Burgess
|
0-0: Ball 1-0: Called Strike 1-1: Foul Ball, location: 2F 1-2: Strikes out swinging
|
Top of the 6th over - 4 run(s), 5 hit(s), 0 error(s), 2 left on base; Vista 6 - Seattle 2 |
BOTTOM OF THE 6TH |
Seattle Pikes batting - Pitching for Vista Panthers : RHP Riley Johnston
|
Batting: RHB Randy Sheppard
|
0-0: Foul Ball, location: 2F 0-1: Foul Ball, location: 2F 0-2: SOLO HOME RUN (Flyball, 7LD), Distance : 376 ft
|
Batting: RHB Wallace Greene
|
0-0: Called Strike 0-1: Ball 1-1: Foul Ball, location: 2F 1-2: Foul Ball, location: 2F 1-2: Ball 2-2: Ball 3-2: Foul Ball, location: 2F 3-2: Fly out, F8 (Flyball, 8LS)
|
Batting: RHB Pete Rideout
|
0-0: Fly out, F6 (Line Drive, 6M)
|
Batting: RHB Iván Gonzáles
|
0-0: Called Strike 0-1: Ball 1-1: Ball 2-1: Fly out, F8 (Flyball, 8RS)
|
Bottom of the 6th over - 1 run(s), 1 hit(s), 0 error(s), 0 left on base; Vista 6 - Seattle 3 |
TOP OF THE 7TH |
Vista Panthers batting - Pitching for Seattle Pikes : RHP Francisco Carrasco
|
Batting: RHB Guo-xiu Choi
|
0-0: Ground out 4-3 (Groundball, 4)
|
Batting: RHB Alfredo Rivera
|
0-0: Ball 1-0: Ground out 4-3 (Groundball, 4)
|
Batting: RHB Stephen Wilson
|
0-0: Called Strike 0-1: Ball 1-1: Ball 2-1: Ball 3-1: Base on Balls
|
Batting: RHB Phil Matthews
|
0-0: Called Strike 0-1: Fielders Choice at 2nd, 6-4 (Groundball, 6)
|
Top of the 7th over - 0 run(s), 0 hit(s), 0 error(s), 0 left on base; Vista 6 - Seattle 3 |
BOTTOM OF THE 7TH |
Seattle Pikes batting - Pitching for Vista Panthers : RHP Riley Johnston
|
Batting: SHB Nate Rhodes
|
0-0: Foul Ball, location: 2F 0-1: Ball 1-1: Foul Ball, location: 2F 1-2: SOLO HOME RUN (Flyball, 7D), Distance : 395 ft
|
Pitching: RHP José Betancourt
|
|
Batting: RHB Arnold Harmon
|
0-0: Ball 1-0: Called Strike 1-1: Ball 2-1: Foul Ball, location: 2F 2-2: Ball 3-2: DOUBLE (Line Drive, 7LM)
|
Pitching: LHP António Martínez
|
|
Batting: LHB Eduardo Gómez
|
0-0: Ball 1-0: Ball 2-0: Foul Ball, location: 2F 2-1: Foul Ball, location: 2F 2-2: Strikes out swinging
|
Batting: RHB Bill Mark
|
0-0: Swinging Strike 0-1: Ball 1-1: Ball 2-1: Ball 3-1: Called Strike 3-2: Ground out 5-3 (Groundball, 56S) Arnold Harmon to third
|
Pitching: RHP António López
|
|
Batting: LHB Roberto Lozano
|
0-0: Called Strike 0-1: Swinging Strike 0-2: Strikes out swinging
|
Bottom of the 7th over - 1 run(s), 2 hit(s), 0 error(s), 1 left on base; Vista 6 - Seattle 4 |
TOP OF THE 8TH |
Vista Panthers batting - Pitching for Seattle Pikes : RHP Francisco Carrasco
|
Batting: LHB Bob Cunningham
|
0-0: Ball 1-0: Ball 2-0: Ball 3-0: Base on Balls
|
Batting: RHB Cisco Gatán
|
0-0: Bunted foul 0-1: Sac Bunt - play at first, batter OUT! 1-4 Bob Cunningham to second
|
Batting: LHB Juan Cortés
|
0-0: Intentional Walk
|
Pinch Hitting: LHB Noriaki Sangi
|
0-0: Grounds into double play, 4-6-3 (Groundball, 4)
|
Top of the 8th over - 0 run(s), 0 hit(s), 0 error(s), 1 left on base; Vista 6 - Seattle 4 |
BOTTOM OF THE 8TH |
Seattle Pikes batting - Pitching for Vista Panthers : RHP António López
|
Now at 3B: António López
|
|
Batting: RHB Randy Sheppard
|
0-0: Swinging Strike 0-1: Ball 1-1: Swinging Strike 1-2: Strikes out swinging
|
Batting: RHB Wallace Greene
|
0-0: Foul Ball, location: 2F 0-1: SINGLE (Groundball, 4M) (infield hit)
|
Batting: RHB Pete Rideout
|
0-0: Called Strike 0-1: Ball 1-1: Ball 2-1: Foul Ball, location: 2F 2-2: Foul Ball, location: 2F 2-2: Strikes out looking
|
Batting: RHB Iván Gonzáles
|
0-0: SINGLE (Groundball, 34S) (infield hit) Wallace Greene to second
|
Batting: SHB Nate Rhodes
|
0-0: Swinging Strike 0-1: Fly out, F5 (Flyball, 5D)
|
Bottom of the 8th over - 0 run(s), 2 hit(s), 0 error(s), 2 left on base; Vista 6 - Seattle 4 |
TOP OF THE 9TH |
Vista Panthers batting - Pitching for Seattle Pikes : RHP Francisco Carrasco
|
Batting: RHB Justin Burgess
|
0-0: Called Strike 0-1: Swinging Strike 0-2: Ball 1-2: Ball 2-2: Strikes out swinging
|
Batting: RHB Guo-xiu Choi
|
0-0: Ball 1-0: Ball 2-0: Ground out 5-3 (Groundball, 56S)
|
Batting: RHB Alfredo Rivera
|
0-0: DOUBLE (Line Drive, 9LM)
|
Batting: RHB Stephen Wilson
|
0-0: Ground out 6-3 (Groundball, 56)
|
Top of the 9th over - 0 run(s), 1 hit(s), 0 error(s), 1 left on base; Vista 6 - Seattle 4 |
BOTTOM OF THE 9TH |
Seattle Pikes batting - Pitching for Vista Panthers : RHP António López
|
Pitching: RHP David Simpson
|
|
Batting: RHB Arnold Harmon
|
0-0: Called Strike 0-1: Ball 1-1: SINGLE (Line Drive, 89S)
|
Batting: LHB Eduardo Gómez
|
0-0: Foul Ball, location: 2F 0-1: Ball 1-1: Ball 2-1: Ball 3-1: Swinging Strike 3-2: Foul Ball, location: 2F 3-2: Base on Balls Arnold Harmon to second
|
Pinch Hitting: RHB Germán Rosales
|
0-0: Sac Bunt - play at first, batter OUT! 5-3 Arnold Harmon to third Eduardo Gómez to second
|
Batting: LHB Roberto Lozano
|
0-0: Foul Ball, location: 2F 0-1: Ground out 5-3 (Groundball, 5)
|
Pinch Hitting: SHB António Hernández
|
0-0: Ball 1-0: Foul Ball, location: 2F 1-1: Ball 2-1: Called Strike 2-2: Ball 3-2: Fly out, F7 (Flyball, 78D)
|
Bottom of the 9th over - 0 run(s), 1 hit(s), 0 error(s), 2 left on base; Vista 6 - Seattle 4 |
|